 Dungeon Crawl Stone Soup version 0.18.1-8-gdd0e5ea (webtiles) character file.

449 deorigin the Magician (level 6, -1/45 HPs)
             Began as a Demigod Ice Elementalist on June 1, 2016.
             Killed from afar by an orc wizard (10 damage)
             ... with a puff of frost
             ... on level 5 of the Dungeon.
             The game lasted 00:12:10 (5009 turns).

deorigin the Magician (Demigod Ice Elementalist)    Turns: 5009, Time: 00:12:11

Health: -1/45      AC:  6    Str: 11    XL:     6   Next: 45%
Magic:  15/15      EV: 12    Int: 23    God:
Gold:   193        SH:  0    Dex: 16    Spells: 3 memorised, 5 levels left

rFire  . . .     SeeInvis .     t - +1 dagger (elec)
rCold  . . .     Gourm    .     F - +0 leather armour
rNeg   . . .     Faith    .     (no shield)
rPois  .         Spirit   .     (no helmet)
rElec  .         Dismiss  +     (no cloak)
rCorr  .         Reflect  .     (no gloves)
SustAt +         Harm     .     D - +2 pair of boots
MR     .....                    G - amulet of dismissal
Stlth  ++........               (no ring)
                                (no ring)

@: not resistant to hostile enchantments, unstealthy
A: high mp 1, sustain attributes
a: no special abilities


You were on level 5 of the Dungeon.
You were very hungry.

You visited 1 branch of the dungeon, and saw 5 of its levels.

You collected 193 gold pieces.

Inventory:

Hand Weapons
 f - a +0 spear
 k - a +0 dagger of protection
 p - a +0 dagger
 s - a +0 flail
 t - a +1 dagger of electrocution (weapon)
 u - a +0 scimitar
Missiles
 n - 35 poisoned needles
 H - a tomahawk (quivered)
Armour
 a - a +0 robe
 j - a +0 ring mail
 q - a +0 scale mail of fire resistance
 w - a +0 chain mail
 D - a +2 pair of boots (worn)
 F - a +0 leather armour (worn)
Jewellery
 m - an uncursed ring of fire
 G - an amulet of dismissal (around neck)
Scrolls
 e - 5 scrolls of recharging {unknown}
 i - 2 scrolls of teleportation {unknown}
 l - 4 scrolls of identify {unknown}
 o - 2 scrolls of remove curse {unknown}
 r - a scroll of amnesia {unknown}
 y - a scroll of random uselessness {unknown}
 A - a scroll of noise {unknown}
Potions
 g - a potion of haste {unknown}
 h - a potion of degeneration {unknown}
 v - a potion of brilliance
 x - a potion of heal wounds {unknown}
 C - a potion of resistance
 E - a potion of might {unknown}
Books
 b - a book of Frost

   Spells                             Type                      Level
   a - Freeze                         Ice                          1
   b - Throw Frost                    Conjuration/Ice              2
   c - Ozocubu's Armour               Charms/Ice                   3
   d - Throw Icicle                   Conjuration/Ice              4
   e - Summon Ice Beast               Ice/Summoning                4
Comestibles
 c - 3 bread rations
 d - 2 slices of pizza
 z - 2 meat rations
 B - a royal jelly


   Skills:
 - Level 1.7 Dodging
 - Level 1.7 Stealth
 - Level 4.0 Spellcasting
   Level 0.8 Conjurations
 - Level 3.2 Charms
 + Level 2.0 Summonings
 - Level 3.9 Ice Magic


You had 5 spell levels left.
You knew the following spells:

 Your Spells              Type           Power        Failure   Level  Hunger
a - Freeze                Ice            ###.         3%          1    None
b - Ozocubu's Armour      Chrm/Ice       ###.....     12%         3    ##.....
c - Summon Ice Beast      Ice/Summ       ###.....     50%         4    ####...


Dungeon Overview and Level Annotations

Branches:
Dungeon (5/15)
 Temple: D:4-7


Innate Abilities, Weirdness & Mutations

You have an increased reservoir of magic (+10% MP).
Your attributes are resistant to harm.


Message History

You hear some strange, mumbled words.
You completely miss the orc. The orc hits you with a short sword.
Your amulet of dismissal vibrates suddenly!
The orc disappears!
Something hits you. The orc completely misses you.
You hit the orc.
The orc is heavily wounded.
You hear some strange, mumbled words.
A magic dart appears from out of thin air!
The magic dart hits you!
* * * LOW HITPOINT WARNING * * *
The orc hits you but does no damage. The crimson imp hits you with a whip.
* * * LOW HITPOINT WARNING * * *
Your amulet of dismissal vibrates suddenly!
The crimson imp disappears!
You hit the orc.
The orc is heavily wounded.
You hear some strange, mumbled words.
A puff of frost appears from out of thin air!
The puff of frost hits you!
You die...

#...........
#.........
#.....#o######
#.............
#.....#.......
#.....#....o..
#.....#<...o..
#...§o#.......
#####@#.....o.
#.#......o
#)#####o#.
####.##
#.....#
#.....#
######.....#
#..........#
#.####.....#


You could see an orc.

Vanquished Creatures
  A phantom (D:4)
  A scorpion (D:4)
  A hound (D:4)
  An iguana (D:3)
  4 orc wizards
  A worker ant (D:4)
  An adder (D:3)
  A howler monkey skeleton (D:4)
  4 worms
  A dart slug (D:3)
  3 giant geckos
  10 orcs
  A ball python (D:3)
  9 bats
  6 giant cockroaches
  7 goblins
  8 hobgoblins
  7 jackals
  3 quokkas (D:3)
  3 giant newts
  7 kobolds
  A quokka skeleton (D:4)
  15 rats
96 creatures vanquished.

Notes
Turn   | Place    | Note
--------------------------------------------------------------
     0 | D:1      | deorigin the Demigod Ice Elementalist began the quest for the Orb.
     0 | D:1      | Reached XP level 1. HP: 14/14 MP: 5/5
   387 | D:1      | Reached XP level 2. HP: 20/20 MP: 2/7
   901 | D:2      | Found a faded altar to an unknown god.
   986 | D:2      | Found a sacrificial altar of Ru.
  1159 | D:2      | Reached XP level 3. HP: 26/26 MP: 6/8
  1167 | D:2      | Learned a level 3 spell: Ozocubu's Armour
  1236 | D:2      | Found a snail-covered altar of Cheibriados.
  1665 | D:3      | Reached skill level 1 in Charms
  1938 | D:3      | Reached XP level 4. HP: 30/33 MP: 6/9
  2372 | D:3      | Found a glowing silver altar of Zin.
  2813 | D:3      | Found a sparkling altar of Nemelex Xobeh.
  2955 | D:3      | Reached skill level 2 in Spellcasting
  3318 | D:4      | Reached XP level 5. HP: 27/38 MP: 0/11
  3705 | D:4      | Found an oddly glowing altar of Pakellas.
  4083 | D:4      | Reached skill level 3 in Spellcasting
  4188 | D:4      | Noticed a phantom
  4210 | D:4      | Killed a phantom
  4210 | D:4      | Reached skill level 4 in Spellcasting
  4210 | D:4      | Reached XP level 6. HP: 33/45 MP: 12/15
  4216 | D:4      | Learned a level 4 spell: Summon Ice Beast
  4539 | D:5      | Entered Level 5 of the Dungeon
  4577 | D:5      | Reached skill level 1 in Summonings
  5009 | D:5      | Killed from afar by an orc wizard

Skill      XL: |  1  2  3  4  5  6 |
---------------+-------------------+-----
Ice Magic      | 3 |  3.9
Charms         | 2 3 |  3.2
Spellcasting   | 2 4 |  4.0
Summonings     | 2 |  2.0
Dodging        | |  1.7
Stealth        | |  1.7
Conjurations   | |  0.8

Action                   |  1- 3 |  4- 6 || total
-------------------------+-------+-------++-------
Melee: Spear             |    20 |       ||    20
       Dagger            |    64 |   152 ||   216
 Cast: Freeze            |    52 |    53 ||   105
       Ozocubu's Armour  |       |    10 ||    10
  Use: Potion            |       |     2 ||     2
 Stab: Sleeping          |     6 |     3 ||     9
  Eat: Chunk             |     4 |    10 ||    14
Armor: Robe              |    34 |    26 ||    60
       Leather armour    |       |    36 ||    36
Dodge: Dodged            |    81 |    85 ||   166
